 Dungeon Crawl Stone Soup version 0.24.0-125-gc4c63601f3 (webtiles) character file.

Game seed: 11577643718013926691, levelgen mode: deterministic

346 1994 the Chopper (level 6, -17/47 HPs)
             Began as a Demonspawn Gladiator on Feb 17, 2020.
             Was a Follower of Cheibriados.
             Demolished by an orc warrior
             ... wielding a +0 halberd
              (19 damage)
             ... on level 3 of the Dungeon.
             The game lasted 00:11:12 (2538 turns).

1994 the Chopper (Demonspawn Gladiator)             Turns: 2538, Time: 00:11:13

Health: -17/47     AC:  8    Str: 18    XL:     6   Next: 32%
Magic:  7/7        EV: 14    Int: 12    God:    Cheibriados [*.....]
Gold:   231        SH:  0    Dex: 24    Spells: 5/5 levels left

rFire    . . .     SeeInvis .   b - +0 war axe
rCold    . . .     Gourm    .   (no shield)
rNeg     . . .     Faith    .   k - +0 chain mail
rPois    .         Spirit   .   (helmet restricted)
rElec    .         Reflect  .   j - scarf {repulsion}
rCorr    .         Harm     .   (no gloves)
MR       +....                  (no boots)
Stlth    ..........             u - amulet of regeneration
HPRegen  0.55/turn              y - ring of protection from magic
MPRegen  0.10/turn              (no ring)

@: agile, about to teleport, repel missiles, very slow
A: horns 2, powered by death 2, powered by pain 1
a: Bend Time, Renounce Religion


You were on level 3 of the Dungeon.
You worshipped Cheibriados.
Cheibriados was aware of your devotion.
You were not hungry.

You visited 1 branch of the dungeon, and saw 3 of its levels.

You collected 231 gold pieces.

Inventory:

Hand Weapons
 a - a +0 hunting sling
 b - a +0 war axe (weapon)
Missiles
 d - 2 throwing nets
 h - 68 sling bullets
 i - 147 stones
 l - 17 poisoned darts
 m - 2 javelins (quivered)
Armour
 j - a scarf of repulsion (worn)
 k - a +0 chain mail (worn)
Jewellery
 u - an amulet of regeneration (around neck)
 y - a ring of protection from magic (left hand)
Scrolls
 c - a scroll of enchant armour
 e - 2 scrolls of remove curse
 r - a scroll of fog
 w - a scroll of teleportation
 x - a scroll of blinking
 A - a scroll of amnesia {unknown}
Potions
 g - a potion of lignification
 o - 2 potions of mutation
 p - 2 potions of brilliance
 s - 3 potions of might
 t - a potion of heal wounds
 v - a potion of flight {unknown}
 z - a potion of magic
 B - a potion of ambrosia {unknown}
Comestibles
 f - 5 rations


   Skills:
 + Level 3.4 Fighting
 * Level 4.7 Axes
 - Level 1.7 Throwing
 + Level 1.0 Armour
 + Level 3.7 Dodging
 + Level 2.6 Invocations


You had 5 spell levels left.
You didn't know any spells.
Your spell library was empty.

Dungeon Overview and Level Annotations

Branches:
Dungeon (3/15)

Altars:
Cheibriados
Dithmenos
Nemelex Xobeh
Yredelemnul
The Shining One


Innate Abilities, Weirdness & Mutations

You have a pair of horns on your head.
You regenerate health from kills.
You sometimes gain a little power by taking damage.


Message History

b - a +0 war axe (weapon)
Unknown command.
You barely miss the orc warrior. You headbutt the orc warrior.
The orc warrior is moderately wounded.
The orc warrior hits you with a +0 halberd!
You focus on the pain.
You feel agile all of a sudden.
You hit the orc warrior but do no damage.
You headbutt the orc warrior, but do no damage.
The orc warrior is moderately wounded.
The orc warrior hits you with a +0 halberd!!
* * * LOW HITPOINT WARNING * * *
It was a potion of magic.
Magic courses through your body.
The orc warrior hits you with a +0 halberd!
* * * LOW HITPOINT WARNING * * *
As you read the scroll labeled CANENEGEIKK, it crumbles to dust.
You feel strangely unstable.
It was a scroll of teleportation.
The orc warrior closely misses you.
The orc warrior hits you from afar with a +0 halberd!!
You die...

.#.#.#.#.............# #.#
.#.#.#.#........(.((.###.###
.#.#.......................#
.#.#............<........#.#
.#...............(...#####.#
.####....#######......# #.#
....'....# #o####.# #.#
#####....# #.# #.# #.#
#....# #@# #.# #.# #รท...#
#.####.# #.# #....# #...##.#
#.##### #....# ######.#
#.[...# #....# #.# #####.#
#....# #.# #.# ######
#.########.# #..........#
############


You could see an orc warrior.

Vanquished Creatures
  A human (D:3)
  An orc priest (D:3)
  2 orc wizards (D:3)
  2 adders (D:3)
  3 gnolls (D:3)
  An ooze (D:1)
  2 dart slugs (D:2)
  A leopard gecko (D:3)
  7 orcs (D:3)
  10 bats
  5 giant cockroaches
  7 goblins
  5 hobgoblins
  7 kobolds
  A ball python (D:2)
  2 frilled lizards
  A kobold skeleton (D:3)
  8 rats
66 creatures vanquished.

Notes
Turn   | Place    | Note
-------+----------+-------------------------------------------
     0 | D:1      | 1994 the Demonspawn Gladiator began the quest for the Orb.
     0 | D:1      | Reached XP level 1. HP: 16/16 MP: 1/1
   160 | D:1      | Reached skill level 3 in Axes
   160 | D:1      | Gained mutation: You regenerate a little health from kills.
                  | [demonic ancestry]
   160 | D:1      | Reached XP level 2. HP: 18/22 MP: 2/2
   707 | D:1      | Gained mutation: You regenerate health from kills. [demonic
                  | ancestry]
   707 | D:1      | Reached XP level 3. HP: 28/28 MP: 3/3
   761 | D:1      | Found a glowing golden altar of the Shining One.
  1217 | D:2      | Found a sparkling altar of Nemelex Xobeh.
  1218 | D:2      | Found a snail-covered altar of Cheibriados.
  1376 | D:2      | Became a worshipper of Cheibriados the Contemplative
  1772 | D:3      | Noticed an orc warrior
  1780 | D:3      | HP: 1/28 [adder (4)]
  1782 | D:3      | Gained mutation: You have a pair of small horns on your
                  | head. [demonic ancestry]
  1782 | D:3      | Reached XP level 4. HP: 8/34 MP: 4/4
  1786 | D:3      | Reached skill level 1 in Invocations
  1794 | D:3      | Reached skill level 4 in Axes
  1805 | D:3      | Reached * piety under Cheibriados
  1805 | D:3      | Gained mutation: You have a pair of horns on your head.
                  | [demonic ancestry]
  1805 | D:3      | Reached XP level 5. HP: 32/41 MP: 6/6
  1849 | D:3      | Found a shadowy altar of Dithmenos.
  2052 | D:3      | Noticed a human
  2062 | D:3      | Found a runed translucent door.
  2069 | D:3      | Found a basalt altar of Yredelemnul.
  2103 | D:3      | Killed a human
  2103 | D:3      | Gained mutation: You sometimes gain a little power by
                  | taking damage. [demonic ancestry]
  2103 | D:3      | Reached XP level 6. HP: 14/47 MP: 7/7
  2205 | D:3      | Reached skill level 1 in Armour
  2536 | D:3      | HP: 1/47 [orc warrior/+0 halberd (7)]
  2538 | D:3      | Demolished by an orc warrior

Levels and vault maps discovered:
D:1:      eino_arrival_water_cross, layout_basic, tso_metal_star
D:2:      layout_rooms, gammafunk_temple_overflow_pools
D:3:      layout_basic, nicolae_overflow_crystal_walls, dk_yredelemnul_ordeal

Skill      XL: |  1  2  3  4  5  6 |
---------------+-------------------+-----
Axes           | 3 4 |  4.7
Dodging        | 3 |  3.7
Invocations    | 1 2 |  2.6
Fighting       | 3 |  3.4
Armour         | 1 |  1.0
Throwing       | |  1.7

Action                   |  1- 3 |  4- 6 || total
-------------------------+-------+-------++-------
Melee: War axe           |   117 |    64 ||   181
       Headbutt          |       |    18 ||    18
 Fire: Hunting sling     |    20 |    18 ||    38
Throw: Dart              |     2 |     6 ||     8
       Throwing net      |       |     1 ||     1
       Javelin           |       |     1 ||     1
  Use: Scroll            |    10 |     3 ||    13
       Potion            |     1 |     1 ||     2
  Eat: Chunk             |     3 |     1 ||     4
Armor: Leather armour    |    13 |       ||    13
       Ring mail         |    68 |     4 ||    72
       Chain mail        |       |    14 ||    14
Dodge: Dodged            |   126 |    40 ||   166
       Deflected         |       |     2 ||     2
